 Dungeon Crawl Stone Soup version 0.23.1 (webtiles) character file.

Game seed: 17015156583296003315

139 Borgoz the Sneak (level 5, 0/38 HPs)
             Began as a Ghoul Enchanter on Mar 10, 2019.
             Slain by an orc
             ... wielding a +0 whip
              (5 damage)
             ... on level 2 of the Dungeon.
             The game lasted 00:06:25 (3134 turns).

Borgoz the Sneak (Ghoul Enchanter)                  Turns: 3134, Time: 00:06:26

Health: 0/38       AC:  3    Str: 11 (12) XL:     5   Next: 22%
Magic:  1/6        EV: 12    Int:  9 (10) God:
Gold:   107        SH:  0    Dex:  7 (10) Spells: 4/7 levels left

rFire    . . .     SeeInvis .   a - +1 dagger
rCold    + . .     Gourm    .   (no shield)
rNeg     + + +     Faith    .   b - +0 robe
rPois    ∞         Spirit   .   e - +0 helmet
rElec    .         Reflect  .   (no cloak)
rCorr    +         Harm     .   (no gloves)
MR       .....                  (no boots)
Stlth    ++........             (no amulet)
HPRegen  0.00/turn              c - ring of resist corrosion
MPRegen  0.10/turn              (no ring)

@: very slightly contaminated, rotting
A: rotting body, claws 1, carnivore, cold resistance 1, negative energy
resistance 3, inhibited regeneration, torment resistance, unbreathing
a: no special abilities


You were on level 2 of the Dungeon.
You were hungry.

You visited 1 branch of the dungeon, and saw 3 of its levels.

You collected 107 gold pieces.

Inventory:

Hand Weapons
 a - a +1 dagger (weapon)
Armour
 b - a +0 robe (worn)
 e - a +0 helmet (worn)
Jewellery
 c - a ring of resist corrosion (left claw)
 p - an uncursed ring of ice
Scrolls
 f - a scroll of identify
 i - a scroll of remove curse
Potions
 n - a potion of curing
 o - a potion of heal wounds
Comestibles
 d - 5 rations


   Skills:
 * Level 2.6 Short Blades
 * Level 3.1 Dodging
 + Level 4.1 Stealth
 - Level 1.7 Spellcasting
 + Level 2.8 Hexes


You had 4 spell levels left.
You knew the following spells:

 Your Spells              Type           Power        Failure   Level  Hunger
a - Corona                Hex            #......      11%         1    ##.....
b - Ensorcelled Hibernat  Hex/Ice        #.....       28%         2    ###....

Your spell library contained the following spells:

 Spells                   Type           Power        Failure   Level  Hunger
 Confuse                  Hex            #.......     32%         3    ####...
 Tukima's Dance           Hex            #.......     32%         3    ####...
 Dazzling Spray           Conj/Hex       #.....       50%         3    ####...


Dungeon Overview and Level Annotations

Branches:
Dungeon (3/15)

Altars:
Nemelex Xobeh


Innate Abilities, Weirdness & Mutations

Your body is rotting away.
You thrive on raw meat.
You are immune to poison.
You have sharp fingernails.
You are carnivorous and can eat meat at any time.
Your flesh is cold resistant. (rC+)
You are immune to negative energy. (rN+++)
You do not regenerate when monsters are visible.
You are immune to unholy pain and torment.
You can survive without breathing.


Message History

* * * LOW HITPOINT WARNING * * *
Casting: Ensorcelled Hibernation (safe; 28% risk of failure)
Confirm with . or Enter, or press ? or * to list all spells.
Aiming: Ensorcelled Hibernation (safe; 28% risk of failure)
Press: ? - help, Shift-Dir - straight line, f/p - orc
Aim: an orc, wielding a +0 whip (heavily wounded, chance to defeat MR: 52%)
You miscast Ensorcelled Hibernation.
You are very lightly contaminated with residual magic.
Nothing appears to happen.
The orc barely misses you.
Casting: Ensorcelled Hibernation (safe; 28% risk of failure)
Confirm with . or Enter, or press ? or * to list all spells.
Aiming: Ensorcelled Hibernation (safe; 28% risk of failure)
Press: ? - help, Shift-Dir - straight line, f/p - orc
Aim: an orc, wielding a +0 whip (heavily wounded, chance to defeat MR: 52%)
The orc resists with significant effort.
The orc barely misses you. The orc hits you with a +0 whip.
* * * LOW HITPOINT WARNING * * *
The orc hits you with a +0 whip.
You die...

#...#.#####.#.....#
###.#.#.#.....#.....#
#..>..........#.....#
###.#.###.###.#######
#.#...÷.###.#
#.#####..##.#######
#.######.##.......#
#.#....#.########.#####
#....o@'..........§....
###....#...........####
#######..........#
#..........#
#..........####
#.............#
#........#.##.#
###..#####.##..
#.....##.####


You could see an orc.

Vanquished Creatures
  A scorpion (D:2)
  A gnoll (D:2)
  An adder (D:2)
  An ooze (D:2)
  A dart slug (D:2)
  2 leopard geckos
  3 orcs (D:3)
  5 bats
  A giant cockroach (D:1)
  8 goblins
  4 hobgoblins
  12 jackals
  A quokka (D:2)
  3 ball pythons
  5 frilled lizards
  4 kobolds
  6 rats
59 creatures vanquished.

Notes
Turn   | Place    | Note
-------+----------+-------------------------------------------
     0 | D:1      | Borgoz the Ghoul Enchanter began the quest for the Orb.
     0 | D:1      | Reached XP level 1. HP: 14/14 MP: 2/2
    46 | D:1      | Reached skill level 1 in Short Blades
   199 | D:1      | Reached XP level 2. HP: 14/20 MP: 3/3
   720 | D:1      | Learned a level 2 spell: Ensorcelled Hibernation
   867 | D:1      | Found a sparkling altar of Nemelex Xobeh.
  1296 | D:2      | Reached XP level 3. HP: 24/24 MP: 4/4
  1730 | D:3      | Reached XP level 4. HP: 27/32 MP: 1/5
  2122 | D:2      | Reached skill level 4 in Stealth
  2122 | D:2      | Reached XP level 5. HP: 20/38 MP: 0/6
  2678 | D:2      | Noticed a phantom
  3134 | D:2      | Slain by an orc

Skill      XL: |  1  2  3  4 |
---------------+-------------+-----
Short Blades   | 1 2 |  2.6
Dodging        | 2 3 |  3.1
Stealth        | 4 |  4.1
Spellcasting   | |  1.7
Hexes          | |  2.8

Action                   |  1- 3 |  4- 6 || total
-------------------------+-------+-------++-------
Melee: Dagger            |   187 |   104 ||   291
 Cast: Ensorcelled Hiber |     1 |    12 ||    13
  Use: Potion            |     2 |     3 ||     5
       Scroll            |       |     5 ||     5
 Stab: Distracted        |     1 |       ||     1
       Sleeping          |     4 |     5 ||     9
  Eat: Chunk             |    15 |     2 ||    17
Armor: Robe              |    51 |    20 ||    71
Dodge: Dodged            |   146 |    58 ||   204
